 Dungeon Crawl Stone Soup version 0.32-a0-711-g016ad743e0 (webtiles) character file.

Game seed: 13880076030820137357

973 NateTC the Chopper (level 8, -11/61 HPs)
             Began as a Coglin Fighter on Mar 16, 2024.
             Mangled by Pikel
             ... wielding a +1 whip of electrocution
              (12 damage)
             ... on level 5 of the Dungeon.
             The game lasted 00:14:55 (4242 turns).

NateTC the Chopper (Coglin Fighter)                 Turns: 4242, Time: 00:14:55

Health: -11/61     AC:  0    Str: 19    XL:     8   Next: 16%
Magic:  8/8        EV: 12    Int:  7    God:
Gold:   227        SH:  0    Dex: 14    Spells: 7/7 levels left

rFire   . . .        a - melded +0 war axe {Carmen}
rCold   . . .        c - melded +0 buckler
rNeg    . . .        t - melded +0 plate armour
rPois   .            f - melded +0 helmet
rElec   .            e - melded +2 cloak
rCorr   .            o - melded +1 pair of gloves
SInv    .            u - melded +0 pair of boots
Will    .....        (no amulet)
Stlth   +            (ring currently unavailable)
HPRegen 0.30/turn    (ring currently unavailable)
MPRegen 0.11/turn    (no gizmo)

%: no passive effects
@: pig-form, very quick
A: fast, no casting, small, (off-hand wielding), (slow wielding), (warmup
strikes), (no jewellery)
a: Invent Gizmo


You were on level 5 of the Dungeon.
You were a filthy swine.
You visited 1 branch of the dungeon, and saw 5 of its levels.

You collected 227 gold pieces.

Inventory:

Hand Weapons
 a - a +0 war axe (melded) {Carmen}
Missiles
 z - 2 throwing nets (quivered)
Armour
 c - a +0 buckler (melded)
 e - a +2 cloak (melded)
 f - a +0 helmet (melded)
 o - a +1 pair of gloves (melded)
 q - a +0 chain mail
 t - a +0 plate armour (melded)
 u - a +0 pair of boots (melded)
Wands
 m - a wand of polymorph (13)
 y - a wand of roots (14)
Scrolls
 b - 2 scrolls of teleportation
 v - a scroll of vulnerability
 w - 2 scrolls of identify
 x - a scroll of revelation {unknown}
Potions
 d - a potion of might
 g - a potion of attraction {unknown}
 h - 2 potions of haste
 i - a potion of enlightenment {unknown}
 j - a potion of heal wounds {unknown}
 k - a potion of ambrosia
 l - 2 potions of curing {unknown}
 n - a potion of degeneration {unknown}
 p - a potion of magic {unknown}
 r - a potion of invisibility {unknown}
 s - a potion of lignification {unknown}


   Skills:
 * Level 4.9 Fighting
 * Level 7.2 Axes
 - Level 4.9 Armour
 - Level 2.1 Shields


You had 7 spell levels left.
You didn't know any spells.
Your spell library contained the following spells:

 Spells                   Type           Power      Damage    Failure   Level
 Kiss of Death            Conj/Necr      0%         2d5       43%         1
 Cigotuvi's Dreadful Rot  Necr/Alch/Air  0%         N/A       56%         2
 Confusing Touch          Hex            0%         N/A       80%         3
 Dispel Undead            Necr           0%         3d6       99%         4
 Martyr's Knell           Necr/Summ      0%         N/A       99%         4


Dungeon Overview and Level Annotations

Branches:
Dungeon (5/15) Zot: 25639
 Temple: D:4-7

Altars:
Elyvilon
Fedhas
Nemelex Xobeh
Uskayaw
Vehumet
Xom
Yredelemnul
The Shining One

Annotations:
D:3 3 runed translucent doors, avangion's ghost, amateur MiFi
D:4 Menkaure
D:5 Pikel


Innate Abilities, Weirdness & Mutations

You are a filthy swine.
You move quickly.
Your equipment is almost entirely melded.
You are incapable of wielding weapons or throwing items.
You cannot cast spells.
((You can wield a second weapon in your off-hand.))
((It takes a long time for you to wield or remove held weapons.))
((Your first few attacks do less damage.))
((You cannot equip rings or amulets.))


Message History

You are too injured to fight recklessly!
You are too injured to fight recklessly!
You are too injured to fight recklessly!
You are too injured to fight recklessly!
You are too injured to fight recklessly!
You are too injured to fight recklessly!
You are too injured to fight recklessly!
You are too injured to fight recklessly!
You are too injured to fight recklessly!
You are too injured to fight recklessly!
You are too injured to fight recklessly!
You slash Pikel!
Pikel is severely wounded.
Pikel zaps a wand.
You resist with some effort.
You barely miss Pikel.
Pikel is severely wounded.
Pikel says, "Hell isn't that bad."
Pikel hits you but does no damage.
You hit Pikel.
Pikel is severely wounded.
You block Pikel's attack.
Pikel zaps a wand.
You turn into a filthy swine.
Your +0 war axe {Carmen} melds into your body.
Your +2 cloak melds into your body.
Your +0 helmet melds into your body.
Your +1 pair of gloves melds into your body.
Your +0 pair of boots melds into your body.
Your +0 buckler melds into your body.
Your +0 plate armour melds into your body.
You hit Pikel but do no damage.
Pikel is severely wounded.
You closely miss Pikel.
Pikel is severely wounded.
Pikel hits you with a +1 whip of electrocution!
* * * LOW HITPOINT WARNING * * *
You closely miss Pikel.
Pikel is severely wounded.
Pikel hits you with a +1 whip of electrocution!
* * * LOW HITPOINT WARNING * * *
You are electrocuted!
You die...
Pikel says, "See you in Hell!"

#####.# #.##.#
#####.#####?##.#
##......##...#.#
##.##.......#..###
....<.#.##.#.#...#
.#.########.####.#
....# ...# #"#
..#.# ....# #.#
....# ... .# #h#
..###
..........K$.# #.#
.....##.#..# #.#
..... #.#..# ..#
#.### ..# .# #.#
#...# .## .#
#.####.#.# . #
.........#.#. ..
#.#.........#


You could see Pikel.

Vanquished Creatures
  Grinder (D:5)
  A phantom (D:3)
  4 lemures (D:5)
  Blork the orc (D:4)
  A scorpion (D:5)
  An orc priest (D:5)
  A jelly (D:5)
  A gnoll bouda (D:5)
  Natasha (D:2)
  3 orc wizards
  Robin (D:4)
  12 gnolls
  12 adders
  A white imp (D:5)
  2 dart slugs
  A ribbon worm (D:2)
  16 orcs
  7 ball pythons
  8 endoplasms
  2 giant cockroaches
  15 goblins
  7 hobgoblins
  3 jackals (D:2)
  14 kobolds
  A quokka (D:4)
  3 bats (D:3)
  2 frilled lizards
  24 rats
146 creatures vanquished.

Vanquished Creatures (others)
  An orc (D:5)
1 creature vanquished.

Grand Total: 147 creatures vanquished

Notes
Turn   | Place    | Note
-------+----------+-------------------------------------------
     0 | D:1      | NateTC the Coglin Fighter began the quest for the Orb.
     0 | D:1      | Reached XP level 1. HP: 18/18 MP: 1/1
   243 | D:1      | Reached XP level 2. HP: 18/24 MP: 2/2
   514 | D:1      | Reached XP level 3. HP: 30/30 MP: 3/3
   944 | D:2      | Reached XP level 4. HP: 29/38 MP: 4/4
  1068 | D:2      | Found a basalt altar of Yredelemnul.
  1124 | D:2      | Reached skill level 3 in Axes
  1315 | D:2      | Reached XP level 5. HP: 43/43 MP: 5/5
  1450 | D:2      | Noticed Natasha
  1464 | D:2      | Killed Natasha
  1720 | D:3      | Found a runed translucent gate.
  1720 | D:3      | Found a runed translucent gate.
  1721 | D:3      | Found a runed translucent gate.
  1722 | D:3      | Noticed avangion's ghost (amateur MiFi)
  1725 | D:3      | Noticed a kobold brigand
  1760 | D:3      | Found a faded altar of an unknown god.
  2063 | D:3      | Reached skill level 4 in Axes
  2107 | D:3      | Found a sparkling altar of Nemelex Xobeh.
  2147 | D:3      | Noticed a phantom
  2165 | D:3      | Killed a phantom
  2166 | D:3      | Reached XP level 6. HP: 38/49 MP: 6/6
  2586 | D:4      | Reached skill level 5 in Axes
  2602 | D:4      | Found a hide-covered altar of Uskayaw.
  2674 | D:4      | Found a shimmering altar of Xom.
  2674 | D:4      | Found a blossoming altar of Fedhas.
  2746 | D:4      | Found a white marble altar of Elyvilon.
  2788 | D:4      | Noticed Blork the orc
  2811 | D:4      | Killed Blork the orc
  2812 | D:4      | Reached XP level 7. HP: 28/55 MP: 7/7
  3003 | D:4      | Noticed Menkaure
  3029 | D:3      | Found a radiant altar of Vehumet.
  3230 | D:4      | Identified the +3 ring mail "Urapep" {Rampage Dex+3}
  3263 | D:4      | Found a glowing golden altar of the Shining One.
  3293 | D:4      | Noticed Robin
  3325 | D:4      | Killed Robin
  3527 | D:5      | Entered Level 5 of the Dungeon
  3548 | D:4      | Reached skill level 6 in Axes
  3997 | D:5      | Noticed Grinder
  4008 | D:5      | Paralysed by Grinder for 2 turns
  4027 | D:5      | Killed Grinder
  4028 | D:5      | Reached skill level 7 in Axes
  4028 | D:5      | Reached XP level 8. HP: 33/61 MP: 8/8
  4197 | D:5      | Noticed Pikel
  4242 | D:5      | HP: 1/61 [Pikel/+1 whip of electrocution (7)]
  4242 | D:5      | Mangled by Pikel

Illustrated notes

Levels and vault maps discovered:
D:1:      dpeg_arrival_fog, layout_loops_ring
D:2:      layout_basic, basic_altar, minmay_snake_closets, uniq_natasha
D:3:      layout_loops_cross, nicolae_overflow_ecumenical_swirl,
          nemelex_diamond_rough_becter, gammafunk_ghost_nasty_kobolds,
          hex_large, corner_web_ring
D:4:      layout_cave_pods, nicolae_overflow_crystal_walls,
          mainiacjoe_overflow_concentric_impassable, lemuel_round_altar,
          gammafunk_temple_overflow_pools, minmay_rat_hole, uniq_robin,
          uniq_blork_the_orc, uniq_menkaure
D:5:      layout_loops_cross, kennysheep_generic_room_15, uniq_grinder,
          uniq_pikel

Skill      XL: |  1  2  3  4  5  6  7 |
---------------+----------------------+-----
Fighting       | 4 |  4.9
Axes           | 3 4 5 7 |  7.2
Armour         | 3 4 |  4.9
Shields        | |  2.1

Action                     |  1- 3 |  4- 6 |  7- 9 || total
---------------------------+-------+-------+-------++-------
  Melee: War axe           |    67 |   223 |   145 ||   435
         Unarmed           |       |     3 |     3 ||     6
    Use: Scroll            |     3 |     4 |       ||     7
         Potion            |       |     1 |     1 ||     2
 Armour: Scale mail        |    69 |    88 |       ||   157
         Chain mail        |       |    37 |       ||    37
         Plate armour      |       |    96 |   197 ||   293
         Skin              |       |    24 |     2 ||    26
  Dodge: Dodged            |    37 |    76 |    40 ||   153
  Block: Buckler           |    15 |    63 |    41 ||   119

Table legend: (Time is in decaauts)
 A = Elapsed time spent in this place.
 B = Non-inter-level travel time spent in this place.
 C = Inter-level travel time spent in this place.
 D = Time resting spent in this place.
 E = Time spent auto-exploring this place.
 F = Levels seen in this place.
 G = Mean time per level.
                   A        B        C        D        E       F      G
               +--------+--------+--------+--------+--------+-----+--------+
         Total |   4359 |   4264 |     95 |   1036 |   1520 |   5 |  871.8 |
       Dungeon |   4359 |   4264 |     95 |   1036 |   1520 |   5 |  871.8 |
               +--------+--------+--------+--------+--------+-----+--------+

Top non-repeatable levels by time:
     D:3: 1132 daAuts
     D:4: 986 daAuts
     D:1: 865 daAuts
     D:2: 820 daAuts
     D:5: 555 daAuts
